 Dungeon Crawl Stone Soup version 0.22-a0-407-gb098539 (webtiles) character file.

86 Curus the Changer (level 4, 0/32 HPs)
             Began as a Merfolk Transmuter on May 9, 2018.
             Slain by azzavlup's ghost (8 damage)
             ... on level 3 of the Dungeon.
             The game lasted 00:07:49 (2093 turns).

Curus the Changer (Merfolk Transmuter)              Turns: 2093, Time: 00:07:50

Health: 0/32       AC:  2    Str:  9 (10) XL:     4   Next: 50%
Magic:  5/7        EV: 20    Int: 10 (13) God:
Gold:   122        SH:  0    Dex: 18 (19) Spells: 3/7 levels left

rFire    . . .     SeeInvis .     - Unarmed
rCold    . . .     Gourm    .   (shield currently unavailable)
rNeg     . . .     Faith    .   (armour currently unavailable)
rPois    x         Spirit   .   (helmet currently unavailable)
rElec    .         Reflect  .   (cloak currently unavailable)
rCorr    .         Harm     .   (gloves currently unavailable)
MR       .....                  (boots currently unavailable)
Stlth    ++........             (no amulet)
HPRegen  0.50/turn              (no ring)
MPRegen  0.10/turn              (no ring)

@: spider-form (expiring)
A: tiny, (change form in water), (swift swim), (stealthy swim), regeneration 1
a: End Transformation


You were on level 3 of the Dungeon.
You were not hungry.
You were a venomous arachnid creature.
You visited 1 branch of the dungeon, and saw 3 of its levels.

You collected 122 gold pieces.

Inventory:

Missiles
 a - 28 arrows
Armour
 b - a +0 robe (melded)
Jewellery
 h - an uncursed ring of ice
Scrolls
 c - a scroll of identify
 d - 4 scrolls of teleportation
Potions
 f - 2 potions of curing
Comestibles
 g - 3 rations


   Skills:
 - Level 1.1 Fighting
 - Level 2.6 Dodging
 - Level 3.2 Unarmed Combat
 - Level 2.0 Spellcasting
 - Level 4.5 Transmutations
 + Level 3.1 Poison Magic


You had 3 spell levels left.
You knew the following spells:

 Your Spells              Type           Power        Failure   Level  Hunger
a - Beastly Appendage     Tmut           ##....       14%         1    ##.....
b - Spider Form           Tmut/Pois      #.........   38%         3    ####...


Dungeon Overview and Level Annotations

Branches:
Dungeon (3/15)

Altars:

Annotations:
D:3 azzavlup's ghost, amateur DrTm


Innate Abilities, Weirdness & Mutations

((You revert to your normal form in water.))
((You are very nimble and swift while swimming.))
((You are very stealthy in the water. (Stealth+)))
((You are partially covered in large bone plates. (SH +4)))
((Your flesh is heat resistant. (rF+)))
Your natural rate of healing is unusually fast.


Message History

You hit azzavlup's ghost but do no damage.
Azzavlup's ghost is lightly damaged.
Azzavlup's ghost barely misses you.
You barely miss azzavlup's ghost.
Azzavlup's ghost is lightly damaged.
Azzavlup's ghost barely misses you.
You hit azzavlup's ghost.
Azzavlup's ghost is lightly damaged.
Azzavlup's ghost hits you.
You hit azzavlup's ghost.
Azzavlup's ghost is moderately damaged.
Azzavlup's ghost completely misses you.
You hit azzavlup's ghost but do no damage.
Azzavlup's ghost is moderately damaged.
Azzavlup's ghost hits you!
* * * LOW HITPOINT WARNING * * *
You hit azzavlup's ghost but do no damage.
Azzavlup's ghost is moderately damaged.
Azzavlup's ghost hits you!
You die...

#.#.# #...... #.#.#
#....< #.#.#
####.### #.#.#
#....### #.#
#.####..
##.#.######.####..
#..#.....)........
#.#########.####.#
#s# #.# #.. #W#
#######.# #..
#.##........####..
#.##.#......รท..)..
#......#########>.
####.###########..
#.#............
#.#.##########.
#.#######.#.# .


You could see azzavlup's ghost.

Vanquished Creatures
  An adder (D:2)
  2 worms (D:2)
  4 dart slugs
  3 leopard geckos (D:1)
  2 orcs (D:3)
  A ball python (D:2)
  5 giant cockroaches
  5 goblins
  6 hobgoblins
  5 jackals
  7 bats
  2 frilled lizards (D:1)
  5 kobolds
  6 rats
54 creatures vanquished.

Notes
Turn   | Place    | Note
-------+----------+-------------------------------------------
     0 | D:1      | Curus the Merfolk Transmuter began the quest for the Orb.
     0 | D:1      | Reached XP level 1. HP: 15/15 MP: 3/3
    55 | D:1      | Reached skill level 3 in Transmutations
   152 | D:1      | Reached XP level 2. HP: 17/21 MP: 3/5
   230 | D:1      | Reached skill level 4 in Transmutations
   255 | D:1      | Reached XP level 3. HP: 15/26 MP: 6/6
   260 | D:1      | Learned a level 3 spell: Spider Form
   379 | D:1      | Reached skill level 1 in Poison Magic
  1421 | D:2      | Reached XP level 4. HP: 21/32 MP: 7/7
  1843 | D:2      | Gained mutation: You are partially covered in large bone plates. (SH +4) [potion of mutation]
  1843 | D:2      | Gained mutation: Your flesh is heat resistant. (rF+) [potion of mutation]
  1843 | D:2      | Gained mutation: Your natural rate of healing is unusually fast. [potion of mutation]
  2081 | D:3      | Noticed azzavlup's ghost (amateur DrTm)
  2093 | D:3      | Slain by azzavlup's ghost

Vault maps used:
D:1:      saegor_arrival_simple_d, minmay_misc_feat_ornament,
          kennysheep_another_room
D:3:      first_ration

Skill      XL: |  1  2  3  4 |
---------------+-------------+-----
Transmutations | 3 4 |  4.5
Poison Magic   | 2 3 |  3.1
Fighting       | |  1.1
Dodging        | |  2.6
Unarmed Combat | |  3.2
Spellcasting   | |  2.0

Action                   |  1- 3 |  4- 6 || total
-------------------------+-------+-------++-------
Melee: Unarmed           |   120 |    96 ||   216
       Punch             |     2 |     2 ||     4
       Headbutt          |     5 |     1 ||     6
 Cast: Beastly Appendage |     9 |     4 ||    13
       Spider Form       |     1 |     2 ||     3
  Use: Potion            |     4 |     3 ||     7
       Scroll            |     4 |     3 ||     7
 Stab: Sleeping          |     7 |     1 ||     8
  Eat: Ration            |     1 |       ||     1
       Chunk             |       |     1 ||     1
Armor: Robe              |    11 |    16 ||    27
       Skin              |       |     1 ||     1
Dodge: Dodged            |    71 |    76 ||   147
Block: Other             |       |     9 ||     9

Table legend:
 A = Spawn XP
 B = Non-spawn XP
 C = Spawn XP percentage of total XP
 D = Spawn monster count
 E = Non-spawn monster count
 F = Spawn count percentage of total count
 G = Total turns spent on level
                    A         B        C        D         E        F      G
               +---------+---------+-------+---------+---------+-------+---------
         Total |       0 |     124 |   0.0 |       0 |      54 |   0.0 |  2093
               +---------+---------+-------+---------+---------+-------+---------
           D:1 |       0 |      61 |   0.0 |       0 |      31 |   0.0 |  1051
           D:2 |       0 |      44 |   0.0 |       0 |      14 |   0.0 |   794
           D:3 |       0 |      19 |   0.0 |       0 |       9 |   0.0 |   248
               +---------+---------+-------+---------+---------+-------+---------
